 Dungeon Crawl Stone Soup version 0.24.0-1-gfbc8707122 (webtiles) character file.

Game seed: 16895144857777036898, levelgen mode: deterministic

27 Fingolfin the Skirmisher (level 2, -3/25 HPs)
             Began as a Centaur Wizard on Oct 28, 2019.
             Was an Initiate of Okawaru.
             Slain by a hound (4 damage)
             ... on level 2 of the Dungeon.
             The game lasted 00:03:02 (1611 turns).

Fingolfin the Skirmisher (Centaur Wizard)           Turns: 1611, Time: 00:03:02

Health: -3/25      AC:  4    Str:  9    XL:     2   Next: 93%
Magic:  5/5        EV:  9    Int: 17    God:    Okawaru [......]
Gold:   77         SH:  0    Dex:  7    Spells: 4/5 levels left

rFire    + . .     SeeInvis .   c - +0 dagger (flame)
rCold    + . .     Gourm    .   (no shield)
rNeg     . . .     Faith    .   a - +0 robe
rPois    +         Spirit   .   b - +0 hat
rElec    +         Reflect  .   (no cloak)
rCorr    +         Harm     .   (no gloves)
MR       .....                  (no barding)
Stlth    +.........             (no amulet)
HPRegen  0.08/turn              (no ring)
MPRegen  0.09/turn              (no ring)

@: resistant, very quick
A: large, hooves 3, deformed body, speed 2, tough skin 3
a: Renounce Religion


You were on level 2 of the Dungeon.
You worshipped Okawaru.
Okawaru was noncommittal.
You were hungry.

You visited 1 branch of the dungeon, and saw 2 of its levels.

You collected 77 gold pieces.

Inventory:

Hand Weapons
 c - a +0 dagger of flaming (weapon)
Missiles
 g - 4 arrows
Armour
 a - a +0 robe (worn)
 b - a +0 hat (worn)
Scrolls
 f - a scroll of magic mapping {unknown}
 i - a scroll of identify {unknown}
Comestibles
 d - a ration


   Skills:
 + Level 2.6 Fighting
 - Level 1.3 Dodging
 - Level 1.1 Stealth
 - Level 2.4 Spellcasting
 - Level 0.8 Conjurations
   Level 0.8 Summonings
   Level 0.8 Translocations


You had 4 spell levels left.
You knew the following spells:

 Your Spells              Type           Power        Failure   Level  Hunger
a - Magic Dart            Conj           #...         13%         1    #......

Your spell library contained the following spells:

 Spells                   Type           Power        Failure   Level  Hunger
 Blink                    Tloc           N/A          21%         2    ##.....
 Call Imp                 Summ           #.......     21%         2    ##.....
 Slow                     Hex            #.......     28%         2    ##.....
 Conjure Flame            Conj/Fire      #.......     43%         3    ###....
 Mephitic Cloud           Conj/Pois/Air  #.......     45%         3    ###....


Dungeon Overview and Level Annotations

Branches:
Dungeon (2/15)

Altars:
Makhleb
Okawaru


Innate Abilities, Weirdness & Mutations

You have hooves in place of feet.
Armour fits poorly on your strangely shaped body.
You cover ground very quickly.
You have extremely tough skin. (AC +3)


Message History

* * * LOW HITPOINT WARNING * * *
You closely miss the hound. The hound bites you.
* * * LOW HITPOINT WARNING * * *
It was a potion of resistance.
You feel protected.
The hound bites you but does no damage. x2
You hit the hound. You burn the hound. Your kick misses the hound.
The hound is lightly wounded.
The hound closely misses you.
You closely miss the hound. You kick the hound.
The hound is moderately wounded.
The hound barely misses you. The hound bites you.
* * * LOW HITPOINT WARNING * * *
You hit the hound. You burn the hound.
The hound is heavily wounded.
The hound closely misses you.
You hit the hound but do no damage.
The hound is heavily wounded.
The hound closely misses you. The hound bites you.
You die...

#...........# #†#
#...........#####.##
#...................
####..........######.##
..............# #.#
###.......#..######.#
#......#_#........#
#.......#...##>####
#.<@h......###.#
#.###...#### #.# #.#
##### #.# ############.#
#.# .............# #.#
#.......# #.#
####.#####.############.#
#....# #...(............#
#...$# #.################


You could see a hound.

Vanquished Creatures
  A leopard gecko (D:2)
  A ball python (D:1)
  2 bats
  2 giant cockroaches (D:1)
  3 goblins (D:1)
  4 hobgoblins
  3 jackals (D:2)
  3 kobolds (D:1)
  A frilled lizard (D:2)
  A rat (D:1)
21 creatures vanquished.

Notes
Turn   | Place    | Note
-------+----------+-------------------------------------------
     0 | D:1      | Fingolfin the Centaur Wizard began the quest for the Orb.
     0 | D:1      | Reached XP level 1. HP: 14/14 MP: 3/3
   192 | D:1      | Reached skill level 1 in Fighting
   639 | D:1      | Reached XP level 2. HP: 23/24 MP: 5/5
  1429 | D:2      | Found an iron altar of Okawaru.
  1438 | D:2      | Became a worshipper of Warmaster Okawaru
  1553 | D:2      | Found a burning altar of Makhleb.
  1609 | D:2      | HP: 1/25 [hound (2)]
  1611 | D:2      | Slain by a hound

Levels and vault maps discovered:
D:1:      wander_arrival_lonely_grave, layout_basic, serial_bayou_lake_a
D:2:      layout_loops_ring, makhleb_heckhound_becter, lemuel_doored_altar,
          lemuel_coloured_pillars_altar, hangedman_ru_absence,
          okawaru_metal_pillars_1_2

Skill      XL: |  1  2 |
---------------+-------+-----
Fighting       | 1 2 |  2.6
Dodging        | |  1.3
Stealth        | |  1.1
Spellcasting   | |  2.4
Conjurations   | |  0.8
Summonings     | |  0.8
Translocations | |  0.8

Action                   || total
-------------------------++-------
Melee: Dagger            ||   108
       Kick              ||    14
 Cast: Magic Dart        ||     5
  Use: Potion            ||     2
  Eat: Chunk             ||     1
Armor: Robe              ||    37
Dodge: Dodged            ||    61
